Map: World of Sleepers LE

Players

Hellraiser

  • Race: Protoss Protoss
  • Spawn Location: 1:00

Cham - Winner!

  • Race: Zerg Zerg
  • Spawn Location: 7:00

VOD

Have the link to the VOD?

Description

Time

  • Played on: Sept. 7, 2019, 10:28 a.m.
  • Length: 9:08
Show
View Real Time Build Order
Export as new Build Order

Hellraiser Protoss 

Build Orders: 1 Gate Expand, Oracle Opening, Archon Immortal 

Get SALT Encoding   

  12  0:00  Probe  
  13  0:12  Probe  
  14  0:21  Pylon  
  14  0:24  Probe  
  15  0:35  Probe  
  15  0:39  Gateway  
  16  0:43  Probe  
  16  0:48  Assimilator  
  17  0:53  Probe  
  18  1:05  Probe  
  19  1:21  Nexus  
  19  1:24  Probe  
  20  1:35  Cybernetics Core  
  20  1:37  Probe  
  21  1:44  Assimilator  
  21  1:49  Probe  
  21  1:53  Pylon  
  22  2:01  Probe, Adept  
  23  2:13  Probe  
  26  2:19  Stargate  
  26  2:21  Adept  
  26  2:25  Probe  
  26  2:29  Probe  
  27  2:34  Warp Gate  
  30  2:37  Probe x2  
  32  2:47  Probe  
  32  2:50  Probe  
  34  2:51  Adept  
  34  2:54  Oracle  
  36  2:59  Probe  
  40  3:07  Gateway  
  40  3:10  Probe  
  41  3:14  Probe  
  41  3:19  Pylon  
  42  3:23  Probe  
  42  3:26  Probe  
  42  3:27  Oracle  
  44  3:35  Probe  
  44  3:38  Probe  
  47  3:43  Assimilator x2  
  47  3:47  Probe  
  46  3:50  Probe  
  46  3:51  Robotics Facility  
  47  3:58  Gateway  
  47  3:59  Probe  
  47  4:01  Gateway  
  47  4:02  Probe  
  49  4:14  Gateway  
  49  4:15  Gateway  
  51  4:18  Pylon  
  51  4:21  Gateway  
  51  4:23  Probe  
  50  4:24  Sentry  
  50  4:25  Sentry  
  50  4:29  Pylon  
  54  4:32  Warp Prism  
  54  4:36  Probe x2  
  58  4:47  Sentry  
  58  4:48  Stalker  
  58  4:51  Probe x2  
  64  5:03  Stalker x2  
  68  5:09  Pylon, Sentry  
  68  5:10  Pylon  
  70  5:19  Forge  
  70  5:21  Twilight Council  
  70  5:32  Sentry x2, Stalker x2  
  70  5:33  Immortal  
  70  5:34  Zealot x2  
  86  5:52  Pylon  
  86  5:53  Pylon  
  86  6:00  Immortal  
  86  6:02  Charge  
  90  6:19  Probe x2, Protoss Ground Weapons Level 1  
  92  6:26  Immortal  
  92  6:28  Nexus  
  92  6:37  Pylon, Probe x2  
  98  6:53  Photon Cannon  
  100  6:54  Immortal  
  100  6:59  Templar Archives  
  100  7:00  Gateway  
  98  7:01  Gateway  
  98  7:02  Probe  
  98  7:04  Probe  
  98  7:07  Pylon  
  104  7:19  Probe x2  
  106  7:23  Pylon  
  106  7:25  Pylon  
  106  7:29  Observer  
  105  7:35  Probe  
  107  7:38  Probe  
  107  7:39  Phoenix  
  110  7:50  Zealot x4, High Templar x2  
  122  7:51  Probe  
  122  7:52  Probe x2  
  122  7:54  Unknown  
  122  7:55  Immortal, Photon Cannon, Archon  
  125  8:04  Probe x3  
  132  8:09  Pylon  
  132  8:16  Pylon  
  132  8:17  High Templar x2  
  132  8:18  Zealot x2  
  138  8:21  Archon  
  138  8:22  Zealot  
  140  8:28  Pylon, Zealot x2  
  144  8:37  Zealot  
  126  8:45  Zealot x3  
  126  8:46  Probe  
  126  8:48  Probe  
  104  8:50  Zealot x2  
  92  8:56  Zealot x2  
Show
View Real Time Build Order
Export as new Build Order

Cham Zerg - Winner!

Build Orders: Hatch First 

Get SALT Encoding   

  12  0:01  Drone  
  13  0:09  Drone  
  14  0:20  Overlord  
  14  0:38  Drone x2  
  16  0:48  Hatchery  
  15  0:53  Drone  
  15  0:56  Drone  
  17  1:10  Drone  
  18  1:11  Extractor  
  18  1:15  Spawning Pool  
  18  1:16  Drone  
  17  1:22  Drone  
  18  1:32  Drone  
  19  1:45  Drone  
  20  1:59  Drone  
  21  2:01  Queen x2  
  21  2:02  Zergling x2  
  21  2:05  Zergling x2  
  27  2:13  Drone  
  28  2:16  Overlord  
  28  2:34  Evolution Chamber  
  28  2:36  Drone x3  
  30  2:40  Queen  
  30  2:43  Overlord  
  32  2:45  Drone  
  32  2:49  Drone  
  34  2:57  Overlord  
  34  3:03  Zerg Missile Weapons Level 1, Drone  
  35  3:06  Drone  
  35  3:11  Drone x2  
  35  3:12  Lair  
  38  3:13  Drone  
  38  3:16  Spore Crawler  
  35  3:32  Drone x4  
  35  3:33  Drone  
  39  3:36  Drone  
  38  3:42  Drone x2  
  38  3:45  Drone x2  
  42  3:49  Drone x2  
  44  3:57  Roach Warren  
  44  3:58  Drone x2  
  44  4:00  Drone  
  46  4:08  Drone  
  46  4:12  Extractor x2  
  46  4:14  Overlord  
  46  4:15  Drone  
  46  4:16  Drone  
  48  4:23  Overseer  
  46  4:25  Drone  
  46  4:26  Drone  
  46  4:28  Drone  
  46  4:29  Hatchery  
  48  4:31  Overlord  
  46  4:39  Spore Crawler  
  46  4:42  Drone x3  
  46  4:45  Queen  
  48  4:52  Glial Reconstitution  
  50  4:53  Roach  
  50  4:54  Roach  
  50  4:59  Evolution Chamber  
  53  5:02  Drone  
  53  5:03  Zerg Missile Weapons Level 2  
  54  5:07  Overlord  
  54  5:11  Roach  
  56  5:15  Roach  
  56  5:18  Roach  
  60  5:22  Roach  
  60  5:23  Roach  
  68  5:28  Roach x2  
  68  5:30  Overlord  
  68  5:33  Overlord  
  68  5:34  Ravager  
  69  5:39  Overlord  
  69  5:45  Roach  
  69  5:46  Overlord, Roach  
  73  5:50  Ravager  
  73  5:54  Roach x3  
  80  6:01  Roach x2  
  84  6:04  Spore Crawler  
  84  6:05  Drone x2  
  85  6:21  Zerg Ground Armor Level 1, Hatchery  
  84  6:29  Roach x3  
  90  6:38  Drone  
  91  6:40  Roach  
  91  6:41  Roach x2  
  91  6:43  Hatchery  
  96  6:50  Overlord  
  96  6:51  Metabolic Boost  
  96  6:52  Overlord  
  96  6:58  Overseer  
  96  7:00  Roach  
  98  7:02  Overlord  
  98  7:03  Overlord  
  98  7:07  Zergling x2  
  98  7:08  Overlord  
  99  7:13  Roach x3  
  105  7:16  Pneumatized Carapace  
  105  7:22  Roach x2  
  105  7:30  Roach x2  
  109  7:48  Overlord  
  109  7:49  Roach  
  109  7:50  Roach x3  
  117  7:51  Zergling x2  
  117  7:56  Zergling x8  
  122  8:08  Zergling x4, Roach x2  
  122  8:09  Ravager  
  129  8:14  Zergling x2  
  129  8:15  Zergling x6  
  129  8:17  Ravager  
  129  8:19  Zergling x4  
  136  8:22  Zergling x2  
  136  8:24  Ravager  
  136  8:25  Queen  
  140  8:28  Roach  
  122  8:45  Roach x5  
Tags
 
Add a new tag
Caveats
  • Supply blocks, unpowered buildings, or Contaminate may cause inaccurate times.
  • Supply counts are checked every 10 seconds.